 Dungeon Crawl Stone Soup version 0.29.1-1-gd02db6906a (webtiles) character file.

Game seed: 2361279308586104220

2 fireball365 the Digger (level 1, -1/14 HPs)
             Began as a Demigod Earth Elementalist on Oct 7, 2022.
             Slain by a frilled lizard (3 damage)
             ... on level 1 of the Dungeon.
             The game lasted 00:00:13 (78 turns).

fireball365 the Digger (Demigod Earth Elementalist)   Turns: 78, Time: 00:00:14

Health: -1/14      AC:  2    Str:  9    XL:     1   Next: 20%
Magic:  5/5        EV: 12    Int: 17    God:
Gold:   0          SH:  0    Dex: 14    Spells: 2/3 levels left

rFire   . . .      SeeInvis .   (no weapon)
rCold   . . .      Faith    .   (no shield)
rNeg    . . .      Spirit   .   a - +0 robe
rPois   .          Reflect  .   (no helmet)
rElec   .          Harm     .   (no cloak)
rCorr   .          Rampage  .   (no gloves)
Will    .....                   (no boots)
Stlth   ++........              (no amulet)
HPRegen 0.04/turn               (no ring)
MPRegen 0.09/turn               (no ring)

@: no status effects
A: high MP 1, forlorn, divine attributes
a: no special abilities


You were on level 1 of the Dungeon.
You visited 1 branch of the dungeon, and saw 1 of its levels.

Inventory:

Armour
 a - a +0 robe (worn)
Potions
 b - a potion of magic


   Skills:
 + Level 1.7 Dodging
 + Level 1.8 Stealth
 + Level 1.7 Spellcasting
 + Level 0.8 Transmutations
 + Level 2.8 Earth Magic


You had 2 spell levels left.
You knew the following spells:

 Your Spells              Type           Power      Damage    Failure   Level
a - Sandblast             Erth           22%        2d7       6%          1

Your spell library contained the following spells:

 Spells                   Type           Power      Damage    Failure   Level
 Passwall                 Tmut/Erth      5%         N/A       14%         2
 Summon Small Mammal      Summ           4%         N/A       21%         1
 Stone Arrow              Conj/Erth      12%        3d7       32%         3
 Call Canine Familiar     Summ           1%         N/A       52%         3
 Summon Guardian Golem    Hex/Summ       1%         N/A       52%         3
 Petrify                  Tmut/Erth      7%         N/A       67%         4


Dungeon Overview and Level Annotations

Branches:
Dungeon (1/15)


Innate Abilities, Weirdness & Mutations

You have an increased reservoir of magic. (+10% MP)
You shall have no god before yourself.
Your divine heritage dramatically boosts your attributes as you level up.


Message History

There is an open door here.
The blast of sand hits the hobgoblin.
The hobgoblin is severely wounded.
The hobgoblin shouts!
The blast of sand hits the hobgoblin!
You kill the hobgoblin!
You pick up a book of Callings and begin reading...
You add the spells Summon Small Mammal, Call Canine Familiar and Summon Guardian Golem to your library.
A bat comes into view.
You see here a hobgoblin corpse.
The blast of sand misses the bat.
The bat completely misses you.
You miscast Sandblast.
You are very lightly contaminated with residual magic.
Nothing appears to happen.
The bat barely misses you.
The blast of sand hits the bat!
You kill the bat!
Your magical contamination has completely faded away.
A hobgoblin comes into view.
Found 6 gold pieces.
The hobgoblin shouts!
You hear an angry hiss. x2
Found 8 gold pieces.
A frilled lizard comes into view.
A hobgoblin comes into view.
A frilled lizard comes into view.
The hobgoblin hits you.
You hit the hobgoblin but do no damage. You punch the hobgoblin.
The hobgoblin is moderately wounded.
The hobgoblin closely misses you.
You closely miss the hobgoblin.
The hobgoblin is moderately wounded.
The hobgoblin hits you. The frilled lizard bites you. The hobgoblin hits you.
The frilled lizard completely misses you.
The frilled lizard hisses.
The hobgoblin barely misses you.
The hobgoblin hits you but does no damage.
The frilled lizard misses you. The hobgoblin barely misses you.
The hobgoblin hits you.
* * * LOW HITPOINT WARNING * * *
The frilled lizard bites you.
You die...

##### ..# #8.8### #.##.
#.# ......# #.##. #.# #
......# #.##. #.# .#
..8...# #.##.##.##.##
......####.##.##.#...#
......'..†...........##.
......####.###.#lg......
..8...# #.......@g..$...
......# ##.###.#.l......
......# ### #.......##.
#8.8### ###.....$..
##### #########


You could see 2 hobgoblins and 2 frilled lizards.

Vanquished Creatures
  A hobgoblin (D:1)
  A bat (D:1)
2 creatures vanquished.

Notes
Turn   | Place    | Note
-------+----------+-------------------------------------------
     0 | D:1      | fireball365 the Demigod Earth Elementalist began the quest
                  | for the Orb.
     0 | D:1      | Reached XP level 1. HP: 14/14 MP: 5/5
    78 | D:1      | Slain by a frilled lizard

Illustrated notes

Levels and vault maps discovered:
D:1:      mrwooster_arrival_statue_3, layout_loops_ring,
          shapermc_ecumenical_altar_mp_urbaneastern, serial_shops,
          nicolae_square_shop, minmay_statues_item

Action                   || total
-------------------------++-------
Melee: Unarmed           ||     2
       Punch             ||     1
 Cast: Sandblast         ||     4
Armor: Robe              ||     1
Dodge: Dodged            ||     7
